 Dungeon Crawl Stone Soup version 0.21.1-1-g345015fe64 (webtiles) character file.

18627 Oravi the Martial Artist (level 12, -2/91 HPs)
             Began as a Merfolk Transmuter on Apr 12, 2018.
             Was an Elder of Qazlal.
             Killed by the air
             ... invoked by Gastronok
              (21 damage)
             ... on level 12 of the Dungeon.
             The game lasted 01:05:15 (14645 turns).

Oravi the Martial Artist (Merfolk Transmuter)      Turns: 14645, Time: 01:05:15

Health: -2/91      AC:  2    Str: 10    XL:     12   Next: 60%
Magic:  8/15       EV: 31    Int: 17    God:    Qazlal [****..]
Gold:   790        SH:  5    Dex: 20    Spells: 5/15 levels left

rFire    . . .     SeeInvis +     - Unarmed
rCold    . . .     Gourm    .   (shield currently unavailable)
rNeg     . . .     Faith    .   (armour currently unavailable)
rPois    x         Spirit   .   (helmet currently unavailable)
rElec    .         Reflect  .   (cloak currently unavailable)
rCorr    .         Harm     .   (gloves currently unavailable)
MR       .....                  (boots currently unavailable)
Stlth    +.........             (no amulet)
HPRegen  0.25/turn              l - ring of see invisible
MPRegen  0.14/turn              p - ring of wizardry

@: spider-form, repel missiles
A: tiny, (change form in water), (swift swim), (stealthy swim)
a: End Transformation, Upheaval, Elemental Force, Renounce Religion


You were on level 12 of the Dungeon.
You worshipped Qazlal.
Qazlal was greatly pleased with you.
You were not hungry.
You were a venomous arachnid creature.
You visited 2 branches of the dungeon, and saw 13 of its levels.

You collected 790 gold pieces.

Inventory:

Missiles
 a - 376 arrows
Armour
 b - a +1 leather armour of cold resistance
 s - a +3 ring mail of cold resistance
 w - a +2 robe of positive energy (melded)
 y - a +0 pair of gloves (melded)
 D - the +2 ring mail of the Queen {Dex+9}
   (You found it on level 7 of the Dungeon)

   It affects your dexterity (+9).
Magical Staves
 E - an uncursed staff of summoning
Jewellery
 i - an uncursed ring of flight
 l - a ring of see invisible (left front leg)
 n - an uncursed ring of stealth
 p - a ring of wizardry (right front leg)
 r - an uncursed ring of ice
 v - an uncursed ring of fire
 G - an uncursed ring of positive energy
 H - an uncursed ring of fire
Wands
 m - a wand of digging (10)
 A - a wand of flame (20)
 J - a wand of random effects (31)
Scrolls
 f - 3 scrolls of magic mapping
 g - 4 scrolls of fear
 o - 2 scrolls of teleportation
 B - 4 scrolls of remove curse
 C - 4 scrolls of enchant armour
 F - 5 scrolls of identify
 K - a scroll of enchant weapon
 N - a scroll of blinking
Potions
 h - 3 potions of haste
 j - 2 potions of brilliance
 k - 2 potions of resistance
 q - a potion of might
 u - a potion of flight
 I - a potion of lignification
 L - a potion of heal wounds
Books
 c - a book of Changes

   Spells                             Type                      Level
   a - Beastly Appendage              Transmutation                1
   b - Sticks to Snakes               Transmutation                2
   c - Spider Form                    Transmutation/Poison         3
   d - Ice Form                       Ice/Transmutation            4
   e - Blade Hands                    Transmutation                5
 e - a Fen Folio

   Spells                             Type                      Level
   a - Corpse Rot                     Necromancy                   2
   b - Stone Arrow                    Conjuration/Earth            3
   c - Leda's Liquefaction            Hexes/Earth                  4
   d - Summon Forest                  Summoning/Translocation      5
   e - Hydra Form                     Transmutation                6
   f - Summon Hydra                   Summoning                    7
 x - a book of Frost

   Spells                             Type                      Level
   a - Freeze                         Ice                          1
   b - Throw Frost                    Conjuration/Ice              2
   c - Ozocubu's Armour               Charms/Ice                   3
   d - Throw Icicle                   Conjuration/Ice              4
   e - Summon Ice Beast               Ice/Summoning                4
 z - a book of Party Tricks

   Spells                             Type                      Level
   a - Summon Butterflies             Summoning                    1
   b - Apportation                    Translocation                1
   c - Lesser Beckoning               Translocation                3
   d - Tukima's Dance                 Hexes                        3
   e - Alistair's Intoxication        Transmutation/Poison         5
   f - Invisibility                   Hexes                        6
Comestibles
 d - 16 rations


   Skills:
 * Level 7.4 Fighting
 * Level 10.5 Dodging
 + Level 12.9 Unarmed Combat
 + Level 2.3 Spellcasting
 * Level 11.4 Transmutations
 * Level 4.1 Ice Magic
 * Level 9.8 Poison Magic
 - Level 1.4 Evocations


You had 5 spell levels left.
You knew the following spells:

 Your Spells              Type           Power        Failure   Level  Hunger
a - Beastly Appendage     Tmut           #####.       1%          1    #......
b - Sticks to Snakes      Tmut           #####...     1%          2    ###....
c - Spider Form           Tmut/Pois      #####.....   1%          3    ###....
d - Ice Form              Ice/Tmut       ####....     9%          4    #####..


Dungeon Overview and Level Annotations

Branches:
Dungeon (12/15)            Temple (1/1) D:7            Lair (0/6) D:11
    Orc (0/2) D:10

Altars:
Ashenzari
Cheibriados
Dithmenos
Elyvilon
Fedhas
Gozag
Hepliaklqana
Kikubaaqudgha
Makhleb
Nemelex Xobeh
Okawaru
Qazlal
Ru
Sif Muna
Trog
Uskayaw
Vehumet
Wu Jian
Xom
Yredelemnul
Zin
The Shining One

Shops:
D:4 (   D:6 ?   D:10 %

Annotations:
D:3 1 runed door
D:12 4 runed doors, Gastronok


Message History

Gastronok is moderately wounded.
Gastronok completely misses you.
You maul Gastronok!!
Gastronok looks as sick as possible!
Gastronok is heavily wounded.
You hear a roar!
You bite Gastronok!
Gastronok is heavily wounded.
You bite Gastronok!
Gastronok looks as sick as possible!
Gastronok is severely wounded.
Gastronok is engulfed in blazing flames.
Gastronok waves his eye-stalks in wide circles.
The air twists around and strikes you!
Things that are here:
a war axe; a chain mail Gastronok waves his eye-stalks in wide circles.
The air twists around and strikes you!
* * * LOW HITPOINT WARNING * * *
Gastronok waves his eye-stalks in wide circles.
The air twists around and strikes you!
You die...

..........................#
#############.###########.#
#.# #.# #.# #.# #.# #.#
#############.###########.#
............§...§.........#
................§.........#
........)w......s.........#
###...........§.§§........#
,,##...........§..........#
**,#.........###########..#
,,,#.#######<# #..# ,*,#.##
#.# #..# **,#..#
#.###########..#
*,##..######))............#
**#........).......<......#


You could see Gastronok.

Vanquished Creatures
  Erica (D:11)
  The ghost of Xenomina the Protected, a novice DgFi (D:10)
  4 two-headed ogres
  The ghost of Thargor the Shield-Bearer, a novice FoFi of Okawaru (D:6)
  An unseen horror (D:12)
  Pikel (D:4)
  An ugly thing (D:11)
  A deep elf mage (D:12)
  A cyclops (D:12)
  A gargoyle (D:10)
  2 centaur skeletons
  A troll (D:12)
  2 hornets
  Grinder (D:4)
  3 hippogriffs
  A spriggan (D:8)
  Sigmund (D:5)
  A wraith (D:12)
  3 wyverns
  A shadow (D:12)
  2 hungry ghosts
  A vampire (D:12)
  Grum (D:10)
  6 yaks
  2 vampire mosquitoes (D:11)
  Edmund (D:5)
  2 hell hounds (D:11)
  5 orc warriors
  4 ice beasts
  A black bear (D:12)
  3 sky beasts
  4 slaves (D:4)
  10 ogres
  A phantom (D:4)
  2 necrophages
  3 wolves (D:10)
  An eye of draining (D:12)
  12 centaurs
  A crocodile (D:12)
  4 bullfrogs
  A water moccasin zombie (D:12)
  A wyvern skeleton (D:7)
  2 scorpions
  10 killer bees
  3 electric eels
  A howler monkey (D:3)
  6 crimson imps
  2 centaur zombies
  A quasit (D:9)
  A bullfrog zombie (D:6)
  11 orc wizards
  8 hounds
  8 orc priests
  7 jellies
  3 bullfrog skeletons
  Jessica (D:3)
  Ijyb (D:3)
  Natasha (thrice) (D:3)
  4 iguanas
  6 worker ants
  A killer bee zombie (D:5)
  A hound zombie (D:7)
  A hound skeleton (D:9)
  A worker ant zombie (D:7)
  Robin (D:1)
  4 gnolls (D:4)
  11 adders
  A shadow imp (D:11)
  An adder zombie (D:9)
  2 adder skeletons (D:9)
  7 worms
  A dart slug (D:3)
  4 leopard geckos
  34 orcs
  A ball python (D:5)
  4 bats
  4 giant cockroaches
  18 goblins
  11 hobgoblins
  6 jackals
  5 quokkas
  2 frilled lizards
  9 kobolds
  A quokka skeleton (D:8)
  5 rats
  4 fungi (D:8)
315 creatures vanquished.

Vanquished Creatures (others)
  A howler monkey (D:8)
1 creature vanquished.

Grand Total: 316 creatures vanquished

Notes
Turn   | Place    | Note
-------+----------+-------------------------------------------
     0 | D:1      | Oravi the Merfolk Transmuter began the quest for the Orb.
     0 | D:1      | Reached XP level 1. HP: 15/15 MP: 3/3
    87 | D:1      | Reached XP level 2. HP: 14/21 MP: 3/5
   706 | D:2      | Reached XP level 3. HP: 25/26 MP: 4/6
   710 | D:2      | Learned a level 2 spell: Sticks to Snakes
   714 | D:2      | Learned a level 3 spell: Spider Form
   737 | D:2      | Noticed Robin
   750 | D:2      | Reached skill level 4 in Unarmed Combat
  1296 | D:1      | Killed Robin
  1296 | D:1      | Reached XP level 4. HP: 15/32 MP: 2/7
  2268 | D:2      | Reached skill level 1 in Poison Magic
  2457 | D:3      | Noticed Natasha
  2462 | D:3      | Killed Natasha
  2555 | D:3      | Noticed an ogre
  2568 | D:3      | Killed an ogre
  2568 | D:3      | Reached XP level 5. HP: 37/37 MP: 2/8
  2634 | D:3      | Noticed Ijyb
  2650 | D:3      | Killed Ijyb
  2650 | D:3      | Reached XP level 6. HP: 42/43 MP: 6/9
  2661 | D:3      | Noticed Jessica
  2686 | D:3      | Killed Jessica
  2686 | D:3      | Reached skill level 5 in Transmutations
  2692 | D:3      | Found a shattered altar of Ashenzari.
  2704 | D:3      | Found a sparkling altar of Nemelex Xobeh.
  2704 | D:3      | Found a deep blue altar of Sif Muna.
  2717 | D:3      | Found a bloodstained altar of Trog.
  2721 | D:3      | Found a basalt altar of Yredelemnul.
  2808 | D:3      | Found a snail-covered altar of Cheibriados.
  2914 | D:3      | Reached skill level 5 in Unarmed Combat
  3081 | D:3      | Noticed Natasha
  3089 | D:3      | Killed Natasha
  3324 | D:3      | Noticed Natasha
  3330 | D:3      | Killed Natasha
  3330 | D:3      | Reached XP level 7. HP: 37/48 MP: 6/10
  3375 | D:3      | Found a runed door.
  3569 | D:4      | Found Vediopocs's Antique Weapon Shoppe.
  3734 | D:4      | Noticed Grinder
  3754 | D:4      | Paralysed by Grinder for 2 turns
  3766 | D:4      | Paralysed by Grinder for 4 turns
  3774 | D:4      | Killed Grinder
  3774 | D:4      | Reached skill level 6 in Unarmed Combat
  4109 | D:4      | Reached XP level 8. HP: 44/54 MP: 8/11
  4229 | D:4      | Reached skill level 5 in Poison Magic
  4247 | D:4      | Found a hazy altar of Hepliaklqana.
  4720 | D:4      | Noticed Pikel
  4732 | D:4      | Killed Pikel
  4732 | D:4      | Reached skill level 5 in Dodging
  4732 | D:4      | Reached skill level 7 in Unarmed Combat
  4949 | D:5      | Entered Level 5 of the Dungeon
  5206 | D:5      | Noticed Edmund
  5219 | D:5      | Killed Edmund
  5219 | D:5      | Reached skill level 8 in Unarmed Combat
  5219 | D:5      | Reached XP level 9. HP: 61/61 MP: 9/12
  5741 | D:5      | Noticed Sigmund
  5749 | D:5      | Killed Sigmund
  6273 | D:6      | Found Biviohac's Magic Scroll Shoppe.
  6280 | D:6      | Noticed Thargor's ghost (novice FoFi)
  6458 | D:6      | Killed Thargor's ghost
  7125 | D:6      | Reached skill level 9 in Unarmed Combat
  7405 | D:7      | Got a warped ring mail
  7431 | D:7      | Identified the +2 ring mail of the Queen {Dex+9} (You found it on level 7 of the Dungeon)
  7499 | D:7      | Reached XP level 10. HP: 56/71 MP: 9/13
  7717 | D:7      | Found a staircase to the Ecumenical Temple.
  7724 | Temple   | Entered the Ecumenical Temple
  7780 | Temple   | Became a worshipper of Qazlal Stormbringer
  8470 | D:8      | Noticed a two-headed ogre
  8479 | D:8      | Killed a two-headed ogre
  8479 | D:8      | Reached skill level 10 in Unarmed Combat
  8756 | D:8      | Reached * piety under Qazlal
  8820 | D:8      | Reached skill level 5 in Fighting
  8995 | D:8      | Found a burning altar of Makhleb.
  8995 | D:8      | Noticed a balrug
  8998 | D:8      | Noticed a smoke demon
  8998 | D:8      | Noticed a smoke demon
  9531 | D:9      | Noticed a two-headed ogre
  9550 | D:9      | Killed a two-headed ogre
  9550 | D:9      | Reached skill level 10 in Transmutations
  9557 | D:9      | Reached XP level 11. HP: 48/80 MP: 14/14
  9579 | D:9      | Reached skill level 11 in Unarmed Combat
 10266 | D:9      | Learned a level 4 spell: Ice Form
 10316 | D:10     | Entered Level 10 of the Dungeon
 10341 | D:10     | Noticed a two-headed ogre
 10351 | D:10     | Killed a two-headed ogre
 10701 | D:10     | Noticed a two-headed ogre
 10712 | D:10     | Killed a two-headed ogre
 10719 | D:10     | Reached ** piety under Qazlal
 10721 | D:10     | Reached skill level 1 in Ice Magic
 10746 | D:10     | Found Yssunean's Food Shop.
 10818 | D:10     | HP: 1/81 [gargoyle/dire flail (17)]
 10991 | D:10     | Noticed Grum
 11006 | D:10     | Killed Grum
 11556 | D:10     | Reached skill level 12 in Unarmed Combat
 11599 | D:10     | Found a staircase to the Orcish Mines.
 11893 | D:10     | Noticed Xenomina's ghost (novice DgFi)
 12340 | D:10     | Killed Xenomina's ghost
 12535 | D:11     | Reached skill level 1 in Evocations
 12617 | D:11     | Reached *** piety under Qazlal
 12619 | D:11     | Noticed Erica
 12633 | D:11     | Killed Erica
 12633 | D:11     | Reached XP level 12. HP: 72/89 MP: 15/15
 12681 | D:11     | Reached skill level 10 in Dodging
 12879 | D:11     | Found a staircase to the Lair.
 13515 | D:12     | Found a large runed door.
 13515 | D:12     | Found a large runed door.
 13550 | D:12     | Found a flagged portal.
 13756 | D:12     | Found a large runed door.
 13756 | D:12     | Found a large runed door.
 14183 | D:12     | Reached **** piety under Qazlal
 14619 | D:12     | Noticed Gastronok
 14645 | D:12     | Killed from afar by Gastronok

Skill      XL: |  1  2  3  4  5  6  7  8  9 10 11 12 |
---------------+-------------------------------------+-----
Transmutations | 3 4 5 6 7 9 10 11 | 11.4
Dodging        | 3 4 5 6 8 9 10 | 10.5
Unarmed Combat | 4 5 6 8 9 10 12 | 12.9
Poison Magic   | 2 3 4 6 7 8 9 |  9.8
Fighting       | 2 4 5 6 7 |  7.4
Ice Magic      | 2 4 |  4.1
Evocations     | 1 |  1.4
Spellcasting   | |  2.3

Action                   |  1- 3 |  4- 6 |  7- 9 | 10-12 || total
-------------------------+-------+-------+-------+-------++-------
Melee: Unarmed           |    70 |   120 |   260 |   698 ||  1148
       Headbutt          |     5 |     1 |       |       ||     6
       Punch             |     1 |       |       |     3 ||     4
 Cast: Beastly Appendage |    11 |     1 |       |     1 ||    13
       Spider Form       |     5 |    26 |    40 |    64 ||   135
       Sticks to Snakes  |       |       |     2 |     1 ||     3
       Ice Form          |       |       |       |     2 ||     2
 Abil: End Transformatio |       |       |       |     1 ||     1
Evoke: Wand              |       |       |       |    14 ||    14
  Use: Scroll            |     3 |     3 |     6 |     8 ||    20
       Potion            |       |       |     5 |     5 ||    10
 Stab: Sleeping          |       |     4 |     3 |       ||     7
  Eat: Chunk             |     2 |    11 |    15 |    24 ||    52
       Ration            |       |       |     1 |     3 ||     4
Armor: Robe              |     4 |     1 |       |     2 ||     7
       Skin              |     3 |     2 |     9 |    21 ||    35
Dodge: Dodged            |    77 |    84 |   177 |   583 ||   921
       Deflected         |       |       |       |     2 ||     2
Block: Other             |       |       |       |    48 ||    48
